 Dungeon Crawl Stone Soup version 0.27-a0-1137-g3ef0f4ec91 (webtiles) character file.

Game seed: 9780615402990086457

77 jestyr24 the Magician (level 4, -2/31 HPs)
             Began as a Djinni Hedge Wizard on May 7, 2021.
             Killed by divine providence
             ... invoked by an orc priest
              (12 damage)
             ... on level 4 of the Dungeon.
             The game lasted 00:12:22 (3394 turns).

jestyr24 the Magician (Djinni Hedge Wizard)         Turns: 3394, Time: 00:12:22

Health: -2/31      AC:  2    Str:  9    XL:     4   Next: 33%
Gold:   134        EV: 12    Int: 16    God:
                   SH:  0    Dex: 13

rFire    + + .     SeeInvis .   h - +2 dagger (venom)
rCold    x . .     Faith    .   (no shield)
rNeg     . . .     Spirit   .   b - +0 robe
rPois    ∞         Reflect  .   c - +0 hat
rElec    .         Harm     .   (no cloak)
rCorr    .         Rampage  .   (no gloves)
Will     .....                  (boots unavailable)
Stlth    ++........             (no amulet)
HPRegen  0.10/turn              (no ring)
MPRegen  0.00/turn              (no ring)

@: flying
A: sickness immunity, fire resistance 2, cold vulnerability 1, float, innate
caster, hp casting, extra vitality 1
a: no special abilities


You were on level 4 of the Dungeon.
You visited 1 branch of the dungeon, and saw 4 of its levels.

You collected 134 gold pieces.

Inventory:

Hand Weapons
 h - a +2 dagger of venom (weapon)
Missiles
 d - a throwing net
Armour
 b - a +0 robe (worn)
 c - a +0 hat (worn)
Scrolls
 a - a scroll of teleportation {unknown}
 f - 2 scrolls of identify
Potions
 e - a potion of berserk rage {unknown}
 g - 2 potions of curing
 i - a potion of haste {unknown}


   Skills:
 + Level 0.1 Fighting
 + Level 2.5 Dodging
 + Level 2.0 Stealth
 + Level 4.0 Spellcasting


You couldn't memorise any spells.
You knew the following spells:

 Your Spells              Type           Power      Damage    Failure   Level
a - Magic Dart            Conj           64%        1d6       3%          1
b - Blink                 Tloc           N/A        N/A       4%          2
c - Call Imp              Summ           16%        N/A       4%          2
d - Slow                  Hex            16%        N/A       4%          2
e - Conjure Flame         Conj/Fire      16%        6-21      10%         3
f - Mephitic Cloud        Conj/Pois/Air  16%        N/A       10%         3
g - Animate Skeleton      Necr           32%        N/A       3%          1
Your spell library was empty.

Dungeon Overview and Level Annotations

Branches:
Dungeon (4/15)
 Temple: D:4-7

Altars:
Uskayaw


Innate Abilities, Weirdness & Mutations

You are immune to sickness and miasma.
You are immune to poison.
Your flesh is very heat resistant. (rF++)
You are vulnerable to cold. (rC-)
You float through the air rather than walking.
You learn spells naturally, not from books.
Your magical power is your life essence.
You have superior vitality. (+4 HP)


Message History

t - Shout!
Orders for allies: a - Attack new target. r - Retreat! s - Stop attacking. g - Guard the area. f - Follow me.
Anything else - Cancel.
Gang up on whom?
Press: ? - help, Dir - move target, f - kobold
Aim: a kobold, wielding a +0 whip (asleep, ally target) Attack!
The kobold shouts!
You see here a black potion.
i - a black potion Your white imp misses the kobold.
You barely miss the kobold. The kobold hits you with a +0 whip.
Your white imp gestures at the kobold.
The puff of frost hits the kobold!
The kobold dies!
An orc comes into view. It is wielding a +0 trident.
You see here 8 gold pieces.
You now have 134 gold pieces (gained 8).
An orc priest and an orc wizard come into view.
The orc wizard shouts!
The orc priest shouts!
The orc priest calls down the wrath of Beogh upon you.
Pain shoots through your body!
You swap places.
Your white imp closely misses the orc priest.
The orc barely misses your white imp.
Your white imp hits the orc priest.
Your white imp freezes the orc priest.
Your white imp disappears in a puff of smoke!
The orc priest invokes the aid of Beogh against you.
Beogh smites you!
* * * LOW HITPOINT WARNING * * *
Unknown command.
Casting: Call Imp (safe; 4% risk of failure)
Confirm with . or Enter, or press ? or * to list all spells.
You don't have enough health to cast this spell.
You feel better.
The orc priest mumbles some strange prayers to Beogh against you.
Beogh smites you!
You die...

###.#.#...##.#
.............#
###.#.)...####
# #####.# #.#
#.# #.# #.#
#@# #.# #o#
#§# ....o.o§#
#########


You could see an orc priest and an orc.

Vanquished Creatures
  An adder (D:3)
  2 worms (D:2)
  3 dart slugs
  An orc (D:3)
  4 endoplasms
  A giant cockroach (D:3)
  4 goblins
  4 hobgoblins
  3 jackals (D:3)
  A kobold (D:2)
  2 quokkas
  8 ball pythons
  2 bats (D:3)
  2 frilled lizards (D:1)
  3 rats
41 creatures vanquished.

Vanquished Creatures (collateral kills)
  A hound skeleton (D:4)
  An endoplasm (D:2)
  A hobgoblin (D:4)
  A jackal (D:3)
  A kobold (D:4)
  A ball python (D:3)
  A rat (D:3)
7 creatures vanquished.

Grand Total: 48 creatures vanquished

Notes
Turn   | Place    | Note
-------+----------+-------------------------------------------
     0 | D:1      | jestyr24 the Djinni Hedge Wizard began the quest for the
                  | Orb.
     0 | D:1      | Reached XP level 1. HP: 15/15 MP: 0/0
   440 | D:1      | Found a faded altar of an unknown god.
   457 | D:1      | Reached skill level 3 in Spellcasting
   529 | D:1      | Reached XP level 2. HP: 18/21 MP: 0/0
  1505 | D:2      | Reached XP level 3. HP: 20/25 MP: 0/0
  1505 | D:2      | Learned a level 1 spell: Animate Skeleton
  2589 | D:3      | Reached XP level 4. HP: 18/31 MP: 0/0
  3088 | D:3      | Found a hide-covered altar of Uskayaw.
  3258 | D:4      | Reached skill level 4 in Spellcasting
  3393 | D:4      | HP: 1/31 [orc priest/divine providence (12)]
  3394 | D:4      | Killed from afar by an orc priest

Illustrated notes

Levels and vault maps discovered:
D:1:      elethiomel_arrival_shortcut, layout_rooms,
          hellmonk_ecumenical_altar_run_dry, nrook_uturn, minmay_tromino_v7
D:2:      layout_basic
D:3:      layout_loops_ring, eat_drink_and_be_merry_uskayaw
D:4:      layout_loops_ring, lemuel_coloured_pillars_altar,
          lemuel_blue_sif_altar, minmay_temple_entry_arrows

Skill      XL: |  1  2  3  4 |
---------------+-------------+-----
Spellcasting   | 3 4 |  4.0
Stealth        | 2 |  2.0
Fighting       | |  0.1
Dodging        | |  2.5

Action                   |  1- 3 |  4- 6 || total
-------------------------+-------+-------++-------
Melee: Dagger            |    14 |    23 ||    37
 Cast: Magic Dart        |    73 |       ||    73
       Blink             |     4 |       ||     4
       Slow              |     3 |       ||     3
       Call Imp          |     3 |     5 ||     8
       Animate Skeleton  |     2 |       ||     2
  Use: Scroll            |     2 |       ||     2
       Potion            |       |     1 ||     1
 Stab: Sleeping          |     3 |       ||     3
Armor: Robe              |     4 |     1 ||     5
Dodge: Dodged            |    10 |    15 ||    25

Table legend: (Time is in decaauts)
 A = Elapsed time spent in this place.
 B = Non-inter-level travel time spent in this place.
 C = Inter-level travel time spent in this place.
 D = Time resting spent in this place.
 E = Time spent auto-exploring this place.
 F = Levels seen in this place.
 G = Mean time per level.
                   A        B        C        D        E       F      G
               +--------+--------+--------+--------+--------+-----+--------+
         Total |   3392 |   3331 |     61 |   1017 |   1956 |   4 |  848.0 |
       Dungeon |   3392 |   3331 |     61 |   1017 |   1956 |   4 |  848.0 |
               +--------+--------+--------+--------+--------+-----+--------+

Top non-repeatable levels by time:
     D:3: 1150 daAuts
     D:2: 1143 daAuts
     D:1: 932 daAuts
     D:4: 166 daAuts
